AoeStats
← terra95

Arabia

508475778Analyzed
2v2 RM · 10d ago on Sep 22, 2026· 24m 38s· 4 players
Game mode
Random Map
Map size
Medium (4 player)
Population
200
Speed
Normal
Resources
Standard
Victory
Conquest
Starting age
Dark Age
Ending age
Imperial Age
RankedLock teamsTeams togetherTeam positionsShared explorationLock speedFull tech treeHidden civsTurbo modeCheats
Victory
Defeat
🇩🇪 Random · Germany
1291
+12
🇩🇪 Random · Germany
1290
+12
🇳🇴 Random · Norway
1243
-13
🇳🇴 Random · Norway
1180
-11
BlackRay
6:27 Loom
9:04 Feudal Age
14:43 Bloodlines
16:17 Forging
17:25 Scale Barding Armor
23:15 Castle Age
21:40 Gold Mining
21:31 Horse Collar
22:56 Fletching
23:10 Padded Archer Armor
23:50 Fletching
terra95
7:30 Loom
9:57 Feudal Age
11:18 Double-Bit Axe
18:55 Castle Age
18:36 Arson
19:07 Forging
18:57 Scale Mail Armor
19:59 Gold Mining
20:03 Horse Collar
21:36 Chain Mail Armor
24:08 Fletching
24:56 Iron Casting
Gudnikk
6:20 Loom
9:56 Feudal Age
10:45 Double-Bit Axe
10:59 Horse Collar
14:57 Bloodlines
16:38 Forging
17:22 Scale Barding Armor
22:39 Castle Age
22:51 Wheelbarrow
22:21 Fletching
Covenent
6:00 Loom
9:10 Feudal Age
9:14 Man-at-Arms
9:58 Double-Bit Axe
15:44 Fletching
24:09 Castle Age
23:20 Padded Archer Armor
23:22 Arson
24:31 Scale Mail Armor
24:42 Forging
Connection lost

Rejoining the realm…

Still unreachable

The connection could not be restored.

Session expired

The server has moved on; the page needs a fresh start.